Blue Jackets vs Red Wings
Created - January 22, 2022 at 23:30
Goals
|
Blue Jackets |
1 |
1 |
1 |
3 |
Red Wings |
2 |
4 |
1 |
7 |
|
Shots
|
Blue Jackets |
18 |
13 |
5 |
36 |
Red Wings |
9 |
14 |
7 |
30 |
|
1st period
1. Blue Jackets , Tyler Seguin 14 (Mike Lundin 12, Cam Fowler 12) at 0:17
2. Red Wings , Drew Fata 1 (Max Domi 5, Kyle Okposo 4) at 1:03
3. Red Wings , Henrik Zetterberg 5 (Jiri Fischer 6, Max Domi 6) at 19:34
Penalties :
Emerson Etem (Clb) for Cross-checking (Minor) at 3:32, Rob Scuderi (Clb) for High sticking (Minor) at 10:33, Tyler Kennedy (Clb) for Roughing (Minor) at 19:37
2nd period
4. Red Wings , Tye McGinn 3 (T.J. Hensick 4) at 2:15
5. Red Wings , Kris Versteeg 9 (Connor Brown 9, Mike Richards 9) at 4:06
6. Red Wings , Jakub Kindl 1 (Mike Richards 10) at 14:33
7. Red Wings , T.J. Hensick 3 (Michael Haley 3, Drew Fata 1) at 15:45 (SH)
8. Blue Jackets , Tyler Kennedy 1 (Tyler Seguin 12, Cam Fowler 13) at 16:02 (PP)
Penalties :
Michael Haley (Det) for Close Hand On Puck (Minor) at 12:18, Ryan O'Byrne (Det) for Interference (Minor) at 14:44, Mike Lundin (Clb) for Hooking (Minor) at 18:33
3rd period
9. Blue Jackets , Pavel Datsyuk 3 (Brandon Bollig 3) at 0:52
10. Red Wings , Henrik Zetterberg 6 (Kyle Okposo 5) at 10:17
Penalties :
Mike Lundin (Clb) for Hooking (Minor) at 1:02, Mike Lundin (Clb) for Tripping (Minor) at 10:26, Dennis Wideman (Clb) for Slashing (Minor) at 15:04
Goalie Stats
Andrei Vasilevskiy (Clb), 13 saves from 16 shots - (0.813), 35:54 minutes
Rick DiPietro (Clb), 10 saves from 14 shots - (0.714), L, 3-3-3, 24:06 minutes
Robin Lehner (Det), 33 saves from 36 shots - (0.917), W, 10-4-1, 60:00 minutes
Players Stats for Blue Jackets
Player Name G A P +/- PIM S H SB GA TA FO MP PP MP PK MP
------------------------------------------------------------------------------------
Artemi Panarin 0 0 0 0 0 2 1 0 1 0 1/2 23:05 2:07 8:00
Brandon Bollig 0 1 1 0 0 1 0 1 0 1 0/0 10:20 0:00 1:18
Cam Fowler 0 2 2 0 0 4 3 2 1 0 0/0 29:09 2:07 8:35
Cody Hodgson 0 0 0 -3 0 3 4 0 0 1 7/10 17:29 1:10 4:28
Dennis Wideman 0 0 0 -3 2 0 0 0 0 1 0/0 12:13 0:00 0:35
Devin Setoguchi 0 0 0 0 0 4 0 0 0 0 1/1 11:14 0:00 1:57
Emerson Etem 0 0 0 -2 2 0 1 0 0 0 0/0 9:05 0:00 0:00
Eric Wellwood 0 0 0 -3 0 1 4 0 1 0 0/0 12:44 1:10 0:00
Martin Havlat 0 0 0 -2 0 1 1 1 0 0 0/0 9:05 0:00 0:00
Max Pacioretty 0 0 0 -3 0 2 3 0 1 1 0/1 17:08 1:10 4:13
Mike Lundin 0 1 1 0 6 1 0 0 0 0 0/0 25:57 2:07 4:29
Nick Leddy 0 0 0 -2 0 0 2 1 0 0 0/0 19:37 1:10 5:38
Pavel Datsyuk 1 0 1 0 0 3 1 0 0 0 6/11 8:52 0:00 0:00
Rob Scuderi 0 0 0 -2 2 1 2 1 0 1 0/0 18:37 1:10 4:33
Shea Theodore 0 0 0 -3 0 2 0 0 1 0 0/0 14:54 0:00 3:56
Tyler Kennedy 1 0 1 0 2 3 0 2 0 0 2/3 14:52 2:07 0:00
Tyler Seguin 1 1 2 0 0 8 2 0 0 2 17/38 22:34 2:07 7:50
Zac Dalpe 0 0 0 -2 0 0 1 0 1 0 0/3 9:05 0:00 0:00
Players Stats for Red Wings
Player Name G A P +/- PIM S H SB GA TA FO MP PP MP PK MP
------------------------------------------------------------------------------------
Carson Mcmillan 0 0 0 0 0 1 0 0 1 0 0/0 12:00 0:00 2:10
Connor Brown 0 1 1 1 0 4 1 1 2 0 1/2 21:47 8:05 0:00
David Krejci 0 0 0 0 0 0 0 1 0 0 0/0 8:43 0:00 0:20
David Rundblad 0 0 0 3 0 1 0 0 0 0 0/0 17:17 4:10 0:00
Drew Fata 1 1 2 3 0 1 1 2 0 0 0/0 16:02 0:00 2:17
Dylan Larkin 0 0 0 0 0 0 1 0 1 1 1/5 15:05 5:48 0:00
Henrik Zetterberg 2 0 2 3 0 6 1 0 0 1 13/31 21:57 7:36 2:10
Jakub Kindl 1 0 1 4 0 1 0 1 1 0 0/0 13:35 0:00 1:01
Jiri Fischer 0 1 1 1 0 0 0 1 1 0 0/0 23:20 9:43 1:00
Kris Versteeg 1 0 1 1 0 1 0 0 0 1 3/3 21:35 7:57 0:00
Kyle Okposo 0 2 2 3 0 2 0 0 0 1 0/0 17:15 5:48 0:00
Max Domi 0 2 2 3 0 1 0 0 0 0 0/0 16:53 4:10 0:26
Michael Haley 0 1 1 1 2 0 1 1 1 0 0/0 8:32 0:08 0:17
Mike Richards 0 2 2 1 0 4 2 1 0 1 15/23 19:30 5:48 0:30
Philip Samuelsson 0 0 0 -1 0 1 0 1 0 1 0/0 26:29 9:43 1:00
Ryan O'Byrne 0 0 0 0 2 2 1 3 0 0 0/0 18:09 0:00 1:16
T.J. Hensick 1 1 2 1 0 2 0 0 0 0 2/5 8:31 0:00 0:41
Tye McGinn 1 0 1 0 0 3 0 0 0 0 0/0 10:01 0:29 0:00
3 Stars
1 - Henrik Zetterberg (Det)
2 - Drew Fata (Det)
3 - Jakub Kindl (Det)
Power Play
Blue Jackets - 1 on 2 Attempt(s) - 50.00%
Red Wings - 0 on 7 Attempt(s) - 0.00%
Penalty Kill
Blue Jackets - 7 on 7 Attempt(s) - 100.00%
- Score 0 goal in Penalty Kill
Red Wings - 1 on 2 Attempt(s) - 50.00%
- Score 1 goal in Penalty Kill
Team Stat
Blue Jackets - Hits : 25 - Faceoff Wins : 34 - Blocked Shots : 8 - Penalty Minutes : 14
Red Wings - Hits : 8 - Faceoff Wins : 35 - Blocked Shots : 12 - Penalty Minutes : 4
Official
Referees : Gord Dwyer and Brandon Blandina
Linesman : Brandon Gawryletz and Derek Amell
Game Notes
Andrei Vasilevskiy enters game at 4:06 of 2nd period
Finance
Level 1 -- Attendance: 6000 (100.00%) -- Ticket Income $600,000
Level 2 -- Attendance: 4921 (98.42%) -- Ticket Income $295,260
Level 3 -- Attendance: 1936 (96.80%) -- Ticket Income $67,760
Level 4 -- Attendance: 3638 (90.95%) -- Ticket Income $90,950
Luxury Box -- Attendance: 958 (95.80%) -- Ticket Income $191,600
Game was played at the Little Caesars arena.
Total Attendance: 17453 (96.96%)
Total Ticket Income: $1,245,570
Other Income: $186,836
Total Income: $1,432,406
Blue Jackets
5 vs 5 Forward
Center Left Wing Right Wing Time % Phy DF OF
1 Tyler Seguin Artemi Panarin Tyler Kennedy 40 1 2 2
2 Cody Hodgson Max Pacioretty Eric Wellwood 30 1 2 2
3 Pavel Datsyuk Brandon Bollig Devin Setoguchi 20 1 2 2
4 Zac Dalpe Emerson Etem Martin Havlat 10 1 2 2
5 vs 5 Defense
Defense Defense Time % Phy DF OF
1 Cam Fowler Mike Lundin 40 1 2 2
2 Nick Leddy Rob Scuderi 30 1 2 2
3 Dennis Wideman Shea Theodore 20 1 2 2
4 Cam Fowler Mike Lundin 10 1 2 2
PowerPlay Forward
Center Left Wing Right Wing Time % Phy DF OF
1 Tyler Seguin Artemi Panarin Tyler Kennedy 60 1 2 2
2 Cody Hodgson Max Pacioretty Eric Wellwood 40 1 2 2
PowerPlay Defense
Defense Defense Time % Phy DF OF
1 Cam Fowler Mike Lundin 60 1 2 2
2 Nick Leddy Rob Scuderi 40 1 2 2
Penalty Kill 4 Players Forward
Center Wing Time % Phy DF OF
1 Tyler Seguin Artemi Panarin 60 1 2 2
2 Cody Hodgson Max Pacioretty 40 1 2 2
Penalty Kill 4 Players Defense
Defense Defense Time % Phy DF OF
1 Cam Fowler Mike Lundin 60 1 2 2
2 Nick Leddy Rob Scuderi 40 1 2 2
Penalty Kill - 3 Players Forward
Forward Time % Phy DF OF
1 Tyler Seguin 60 1 2 2
2 Artemi Panarin 40 1 2 2
Penalty Kill - 3 Players Defense
Defense Defense Time % Phy DF OF
1 Cam Fowler Mike Lundin 60 1 2 2
2 Nick Leddy Rob Scuderi 40 1 2 2
4 vs 4 Forward
Center Wing Time % Phy DF OF
1 Tyler Seguin Artemi Panarin 60 1 2 2
2 Cody Hodgson Max Pacioretty 40 1 2 2
4 vs 4 Defense
Defense Defense Time % Phy DF OF
1 Cam Fowler Mike Lundin 60 1 2 2
2 Nick Leddy Rob Scuderi 40 1 2 2
Last Minutes Offensive
Center Left Wing Right Wing Defense Defense
Tyler Seguin Artemi Panarin Tyler Kennedy Cam Fowler Mike Lundin
Last Minutes Defensive
Center Left Wing Right Wing Defense Defense
Tyler Seguin Artemi Panarin Tyler Kennedy Cam Fowler Mike Lundin
Goaltenders
Starting : Rick DiPietro
Backup : Andrei Vasilevskiy
Extra Forwards
Normal : Pavel Datsyuk, Brandon Bollig, Devin Setoguchi - PP : Pavel Datsyuk, Brandon Bollig - PK : Devin Setoguchi
Extra Defensemen
Normal : Dennis Wideman, Shea Theodore, Nick Leddy - PP : Dennis Wideman - PK : Shea Theodore, Nick Leddy
Penalty Shots
Tyler Seguin, Artemi Panarin, Cody Hodgson, Max Pacioretty, Pavel Datsyuk
Scratches
Andreas Nodl (Healthy), Ryan Wilson (Healthy)
Red Wings
5 vs 5 Forward
Center Left Wing Right Wing Time % Phy DF OF
1 Mike Richards Kris Versteeg Connor Brown 40 0 2 3
2 Henrik Zetterberg Max Domi Kyle Okposo 30 0 2 3
3 Dylan Larkin Tye McGinn Carson Mcmillan 20 0 2 3
4 T.J. Hensick Michael Haley David Krejci 10 0 3 2
5 vs 5 Defense
Defense Defense Time % Phy DF OF
1 Philip Samuelsson Ryan O'Byrne 40 0 2 3
2 Jiri Fischer Drew Fata 30 0 2 3
3 Jakub Kindl David Rundblad 20 0 2 3
4 Jakub Kindl David Rundblad 10 0 3 2
PowerPlay Forward
Center Left Wing Right Wing Time % Phy DF OF
1 Henrik Zetterberg Kris Versteeg Connor Brown 60 0 1 4
2 Mike Richards Dylan Larkin Kyle Okposo 40 0 1 4
PowerPlay Defense
Defense Defense Time % Phy DF OF
1 Philip Samuelsson Jiri Fischer 60 0 1 4
2 David Rundblad Max Domi 40 0 1 4
Penalty Kill 4 Players Forward
Center Wing Time % Phy DF OF
1 Henrik Zetterberg Carson Mcmillan 60 0 4 1
2 T.J. Hensick Michael Haley 40 0 4 1
Penalty Kill 4 Players Defense
Defense Defense Time % Phy DF OF
1 Ryan O'Byrne Drew Fata 60 1 4 0
2 Philip Samuelsson Jiri Fischer 40 1 4 0
Penalty Kill - 3 Players Forward
Forward Time % Phy DF OF
1 Carson Mcmillan 60 1 4 0
2 Michael Haley 40 1 4 0
Penalty Kill - 3 Players Defense
Defense Defense Time % Phy DF OF
1 Ryan O'Byrne Jiri Fischer 60 0 5 0
2 Philip Samuelsson Drew Fata 40 0 5 0
4 vs 4 Forward
Center Wing Time % Phy DF OF
1 Henrik Zetterberg Kris Versteeg 55 0 2 3
2 Mike Richards Connor Brown 45 0 2 3
4 vs 4 Defense
Defense Defense Time % Phy DF OF
1 Philip Samuelsson Drew Fata 60 0 3 2
2 David Rundblad Jiri Fischer 40 0 3 2
Last Minutes Offensive
Center Left Wing Right Wing Defense Defense
Henrik Zetterberg Kris Versteeg Kyle Okposo Philip Samuelsson Connor Brown
Last Minutes Defensive
Center Left Wing Right Wing Defense Defense
T.J. Hensick Michael Haley Carson Mcmillan Ryan O'Byrne Drew Fata
Goaltenders
Starting : Robin Lehner
Backup : Mike McKenna
Extra Forwards
Normal : Henrik Zetterberg, Kris Versteeg, Kyle Okposo - PP : Kyle Okposo, Tye McGinn - PK : Mike Richards
Extra Defensemen
Normal : Philip Samuelsson, Drew Fata, David Rundblad - PP : David Rundblad - PK : Jakub Kindl, David Rundblad
Penalty Shots
Kris Versteeg, Dylan Larkin, Kyle Okposo, Mike Richards, Carson Mcmillan
Scratches
Marko Dano (Healthy), Ole-Kristian Tollefsen (Broken Bone (Right Arm) Injury), Ryane Clowe (Healthy)
% Time on Ice - Blue Jackets
Lines # - Real PCT - Wanted PCT - Time Play
Normal Forward
1 - 31% - 40% - 13:08
2 - 27% - 30% - 11:45
3 - 21% - 20% - 8:52
4 - 21% - 10% - 9:05
Normal Defense
1 - 41% - 40% - 17:29
2 - 30% - 30% - 12:55
3 - 25% - 20% - 10:47
4 - 4% - 10% - 1:39
PP Forward
1 - 64% - 60% - 2:07
2 - 36% - 40% - 1:10
PP Defense
1 - 64% - 60% - 2:07
2 - 36% - 40% - 1:10
PK Forward
1 - 70% - 60% - 9:40
2 - 30% - 40% - 4:13
PK Defense
1 - 59% - 60% - 8:12
2 - 41% - 40% - 5:41
PK3 Forward
1 - 0% - 60%
2 - 0% - 40%
PK3 Defense
1 - 0% - 60%
2 - 0% - 40%
44 Forward
1 - 0% - 60%
2 - 0% - 40%
44 Defense
1 - 0% - 60%
2 - 0% - 40%
Last Minute Offensive - 0:00
Last Minute Defensive - 0:00
Total
Forward - 60:00
Defense - 60:00
|
% Time on Ice - Red Wings
Lines # - Real PCT - Wanted PCT - Time Play
Normal Forward
1 - 32% - 40% - 13:42
2 - 27% - 30% - 11:46
3 - 22% - 20% - 9:32
4 - 18% - 10% - 7:50
Normal Defense
1 - 41% - 40% - 17:36
2 - 29% - 30% - 12:28
3 - 22% - 20% - 9:17
4 - 8% - 10% - 3:29
PP Forward
1 - 58% - 60% - 8:05
2 - 42% - 40% - 5:48
PP Defense
1 - 70% - 60% - 9:43
2 - 30% - 40% - 4:10
PK Forward
1 - 79% - 60% - 2:36
2 - 21% - 40% - 0:41
PK Defense
1 - 70% - 60% - 2:17
2 - 30% - 40% - 1:00
PK3 Forward
1 - 0% - 60%
2 - 0% - 40%
PK3 Defense
1 - 0% - 60%
2 - 0% - 40%
44 Forward
1 - 0% - 55%
2 - 0% - 45%
44 Defense
1 - 0% - 60%
2 - 0% - 40%
Last Minute Offensive - 0:00
Last Minute Defensive - 0:00
Total
Forward - 60:00
Defense - 60:00
|
Play-by-Play
1st period
0:01 of 1st period - Mike Richards wins face-off versus Tyler Seguin in neutral zone.
0:05 of 1st period - Off-side.
0:06 of 1st period - Tyler Seguin wins face-off versus Mike Richards in neutral zone.
0:11 of 1st period - Slapshot by Mike Lundin.
0:11 of 1st period - Shot Hit the Post.
0:13 of 1st period - Slapshot by Cam Fowler.
0:13 of 1st period - Deflect By Tyler Seguin.
0:13 of 1st period - Stopped by Robin Lehner with a rebound.
0:15 of 1st period - Slapshot by Mike Lundin.
0:15 of 1st period - Shot Misses the Net.
0:17 of 1st period - Slapshot by Tyler Seguin.
0:17 of 1st period - Goal by Tyler Seguin - Blue Jackets : 1 - Red Wings : 0.
0:18 of 1st period - Cody Hodgson wins face-off versus Henrik Zetterberg in neutral zone.
0:26 of 1st period - Icing by Jiri Fischer.
0:27 of 1st period - Henrik Zetterberg wins face-off versus Cody Hodgson in Red Wings zone.
0:27 of 1st period - Henrik Zetterberg is hit by Max Pacioretty.
0:43 of 1st period - Slapshot by Kyle Okposo.
0:43 of 1st period - Stopped by Rick DiPietro with a rebound.
0:53 of 1st period - Snap shot by Cody Hodgson.
0:53 of 1st period - Shot Misses the Net.
1:01 of 1st period - Wrist shot by Max Domi.
1:01 of 1st period - Stopped by Rick DiPietro with a rebound.
1:03 of 1st period - Slapshot by Drew Fata.
1:03 of 1st period - Goal by Drew Fata - Blue Jackets : 1 - Red Wings : 1.
1:04 of 1st period - Pavel Datsyuk wins face-off versus Dylan Larkin in neutral zone.
1:29 of 1st period - Tyler Seguin is hit by Mike Richards and loses puck.
1:34 of 1st period - Wrist shot by Connor Brown.
1:34 of 1st period - Shot Misses the Net.
1:58 of 1st period - Wrist shot by T.J. Hensick.
1:58 of 1st period - Shot Misses the Net.
2:14 of 1st period - Snap shot by Pavel Datsyuk.
2:14 of 1st period - Stopped by Robin Lehner with a rebound.
2:16 of 1st period - Snap shot by Brandon Bollig.
2:16 of 1st period - Stopped by Robin Lehner with a rebound.
2:18 of 1st period - Wrist shot by Pavel Datsyuk.
2:18 of 1st period - Deflect By Devin Setoguchi.
2:18 of 1st period - Stopped by Robin Lehner with a rebound.
2:22 of 1st period - Snap shot by Pavel Datsyuk.
2:22 of 1st period - Shot Misses the Net.
2:38 of 1st period - Jiri Fischer is hit by Rob Scuderi and loses puck.
3:10 of 1st period - Icing by Jiri Fischer.
3:11 of 1st period - Mike Richards wins face-off versus Zac Dalpe in Red Wings zone.
3:20 of 1st period - Snap shot by Michael Haley.
3:20 of 1st period - Shot Misses the Net.
3:22 of 1st period - Backhand shot by T.J. Hensick.
3:22 of 1st period - Shot Misses the Net.
3:24 of 1st period - Slapshot by Ryan O'Byrne.
3:24 of 1st period - Shot Blocked by Martin Havlat.
3:26 of 1st period - Slapshot by T.J. Hensick.
3:26 of 1st period - Shot Misses the Net.
3:32 of 1st period - Minor Penalty to Emerson Etem for Cross-checking.
3:33 of 1st period - Henrik Zetterberg wins face-off versus Tyler Seguin in Blue Jackets zone.
5:32 of 1st period - Penalty to Emerson Etem is over, Emerson Etem is back on ice.
5:44 of 1st period - Slapshot by Mike Lundin.
5:44 of 1st period - Shot Misses the Net.
5:46 of 1st period - Wrist shot by Martin Havlat.
5:46 of 1st period - Stopped by Robin Lehner without a rebound.
5:47 of 1st period - Pavel Datsyuk wins face-off versus T.J. Hensick in Red Wings zone.
5:48 of 1st period - Slapshot by Devin Setoguchi.
5:48 of 1st period - Deflect By Jakub Kindl.
5:48 of 1st period - Shot Misses the Net.
5:48 of 1st period - Puck is out of play.
5:49 of 1st period - Pavel Datsyuk wins face-off versus T.J. Hensick in Red Wings zone.
6:01 of 1st period - Slapshot by Nick Leddy.
6:01 of 1st period - Shot Misses the Net.
7:01 of 1st period - Wrist shot by Tye McGinn.
7:01 of 1st period - Shot Blocked by Cam Fowler.
7:12 of 1st period - Icing by Emerson Etem.
7:13 of 1st period - Mike Richards wins face-off versus Zac Dalpe in Blue Jackets zone.
8:30 of 1st period - Wrist shot by Max Domi.
8:30 of 1st period - Shot Misses the Net.
8:38 of 1st period - Slapshot by Mike Lundin.
8:38 of 1st period - Stopped by Robin Lehner with a rebound.
8:42 of 1st period - Snap shot by Zac Dalpe.
8:42 of 1st period - Shot Misses the Net.
8:55 of 1st period - Icing by Kyle Okposo.
8:56 of 1st period - Henrik Zetterberg wins face-off versus Tyler Seguin in Red Wings zone.
9:00 of 1st period - Off-side.
9:01 of 1st period - Mike Richards wins face-off versus Tyler Seguin in neutral zone.
9:51 of 1st period - Snap shot by Michael Haley.
9:51 of 1st period - Shot Misses the Net.
9:53 of 1st period - Snap shot by T.J. Hensick.
9:53 of 1st period - Deflect By David Krejci.
9:53 of 1st period - Shot Misses the Net.
9:53 of 1st period - Puck is out of play.
9:54 of 1st period - Tyler Kennedy wins face-off versus T.J. Hensick in Blue Jackets zone.
10:01 of 1st period - Wrist shot by Tyler Seguin.
10:01 of 1st period - Stopped by Robin Lehner with a rebound.
10:03 of 1st period - Wrist shot by Shea Theodore.
10:03 of 1st period - Shot Misses the Net.
10:05 of 1st period - Slapshot by Artemi Panarin.
10:05 of 1st period - Deflect By Drew Fata.
10:05 of 1st period - Shot Misses the Net.
10:05 of 1st period - Puck is out of play.
10:06 of 1st period - Mike Richards wins face-off versus Artemi Panarin in Red Wings zone.
10:10 of 1st period - Off-side.
10:11 of 1st period - Tyler Seguin wins face-off versus Mike Richards in neutral zone.
10:14 of 1st period - Mike Richards is hit by Tyler Seguin and loses puck.
10:33 of 1st period - Minor Penalty to Rob Scuderi for High sticking.
10:34 of 1st period - Henrik Zetterberg wins face-off versus Tyler Seguin in Blue Jackets zone.
11:10 of 1st period - Backhand shot by Kyle Okposo.
11:10 of 1st period - Shot Misses the Net.
11:55 of 1st period - Henrik Zetterberg is hit by Cody Hodgson and loses puck.
12:33 of 1st period - Penalty to Rob Scuderi is over, Rob Scuderi is back on ice.
12:38 of 1st period - Slapshot by Cody Hodgson.
12:38 of 1st period - Deflect By Brandon Bollig.
12:38 of 1st period - Shot Misses the Net.
12:38 of 1st period - Puck is out of play.
12:39 of 1st period - T.J. Hensick wins face-off versus Pavel Datsyuk in Red Wings zone.
13:26 of 1st period - Icing by Henrik Zetterberg.
13:27 of 1st period - Henrik Zetterberg wins face-off versus Tyler Seguin in Red Wings zone.
13:34 of 1st period - Henrik Zetterberg is hit by Artemi Panarin and loses puck.
13:41 of 1st period - Slapshot by Kyle Okposo.
13:41 of 1st period - Stopped by Rick DiPietro with a rebound.
13:48 of 1st period - Icing by Tyler Seguin.
13:49 of 1st period - Kris Versteeg wins face-off versus Tyler Seguin in Blue Jackets zone.
13:58 of 1st period - Snap shot by Mike Richards.
13:58 of 1st period - Stopped by Rick DiPietro with a rebound.
14:22 of 1st period - Wrist shot by Cody Hodgson.
14:22 of 1st period - Stopped by Robin Lehner with a rebound.
14:28 of 1st period - Snap shot by Max Pacioretty.
14:28 of 1st period - Stopped by Robin Lehner without a rebound.
14:29 of 1st period - Kris Versteeg wins face-off versus Pavel Datsyuk in Red Wings zone.
14:34 of 1st period - Slapshot by Devin Setoguchi.
14:34 of 1st period - Stopped by Robin Lehner without a rebound.
14:35 of 1st period - Mike Richards wins face-off versus Pavel Datsyuk in Red Wings zone.
15:08 of 1st period - Snap shot by Tye McGinn.
15:08 of 1st period - Stopped by Rick DiPietro with a rebound.
15:10 of 1st period - Slapshot by David Rundblad.
15:10 of 1st period - Stopped by Rick DiPietro without a rebound.
15:11 of 1st period - Mike Richards wins face-off versus Tyler Seguin in Blue Jackets zone.
15:12 of 1st period - Wrist shot by Kris Versteeg.
15:12 of 1st period - Shot Misses the Net.
15:22 of 1st period - Snap shot by Artemi Panarin.
15:22 of 1st period - Shot Misses the Net.
15:24 of 1st period - Slapshot by Cam Fowler.
15:24 of 1st period - Shot Blocked by Ryan O'Byrne.
15:26 of 1st period - Wrist shot by Artemi Panarin.
15:26 of 1st period - Deflect By Kris Versteeg.
15:26 of 1st period - Shot Misses the Net.
15:26 of 1st period - Puck is out of play.
15:27 of 1st period - Cody Hodgson wins face-off versus Henrik Zetterberg in Red Wings zone.
17:04 of 1st period - Wrist shot by Tyler Seguin.
17:04 of 1st period - Stopped by Robin Lehner without a rebound.
17:05 of 1st period - Cody Hodgson wins face-off versus Henrik Zetterberg in Red Wings zone.
17:10 of 1st period - Snap shot by Cody Hodgson.
17:10 of 1st period - Shot Blocked by Ryan O'Byrne.
17:12 of 1st period - Slapshot by Max Pacioretty.
17:12 of 1st period - Deflect By Cody Hodgson.
17:12 of 1st period - Shot Misses the Net.
17:12 of 1st period - Puck is out of play.
17:13 of 1st period - Cody Hodgson wins face-off versus Mike Richards in Red Wings zone.
17:36 of 1st period - Ryan O'Byrne is hit by Max Pacioretty and loses puck.
17:43 of 1st period - Snap shot by Eric Wellwood.
17:43 of 1st period - Stopped by Robin Lehner without a rebound.
17:44 of 1st period - Pavel Datsyuk wins face-off versus Henrik Zetterberg in Red Wings zone.
17:47 of 1st period - Wrist shot by Devin Setoguchi.
17:47 of 1st period - Shot Blocked by Jakub Kindl.
17:49 of 1st period - Slapshot by Shea Theodore.
17:49 of 1st period - Deflect By Pavel Datsyuk.
17:49 of 1st period - Shot Misses the Net.
17:49 of 1st period - Puck is out of play.
17:50 of 1st period - Henrik Zetterberg wins face-off versus Pavel Datsyuk in Red Wings zone.
17:55 of 1st period - Wrist shot by Pavel Datsyuk.
17:55 of 1st period - Stopped by Robin Lehner without a rebound.
17:56 of 1st period - Cody Hodgson wins face-off versus Mike Richards in Red Wings zone.
18:01 of 1st period - Snap shot by Cody Hodgson.
18:01 of 1st period - Shot Blocked by Mike Richards.
18:03 of 1st period - Slapshot by Cam Fowler.
18:03 of 1st period - Stopped by Robin Lehner without a rebound.
18:04 of 1st period - Mike Richards wins face-off versus Cody Hodgson in Red Wings zone.
18:19 of 1st period - Snap shot by Eric Wellwood.
18:19 of 1st period - Shot Blocked by Ryan O'Byrne.
18:25 of 1st period - Slapshot by Cam Fowler.
18:25 of 1st period - Deflect By Philip Samuelsson.
18:25 of 1st period - Stopped by Robin Lehner with a rebound.
18:27 of 1st period - Wrist shot by Cam Fowler.
18:27 of 1st period - Stopped by Robin Lehner without a rebound.
18:28 of 1st period - Tyler Seguin wins face-off versus Henrik Zetterberg in Red Wings zone.
18:29 of 1st period - Snap shot by Artemi Panarin.
18:29 of 1st period - Stopped by Robin Lehner without a rebound.
18:30 of 1st period - Tyler Seguin wins face-off versus Henrik Zetterberg in Red Wings zone.
18:41 of 1st period - Nick Leddy is hit by Drew Fata and loses puck.
19:34 of 1st period - Slapshot by Henrik Zetterberg.
19:34 of 1st period - Goal by Henrik Zetterberg - Blue Jackets : 1 - Red Wings : 2.
19:35 of 1st period - Tyler Seguin wins face-off versus Mike Richards in neutral zone.
19:37 of 1st period - Minor Penalty to Tyler Kennedy for Roughing.
19:38 of 1st period - Henrik Zetterberg wins face-off versus Tyler Seguin in Blue Jackets zone.
19:40 of 1st period - Snap shot by Connor Brown.
19:40 of 1st period - Deflect By Henrik Zetterberg.
19:40 of 1st period - Stopped by Rick DiPietro with a rebound.
19:51 of 1st period - Icing by Philip Samuelsson.
19:52 of 1st period - Tyler Seguin wins face-off versus Henrik Zetterberg in Red Wings zone.
19:57 of 1st period - Snap shot by Artemi Panarin.
19:57 of 1st period - Deflect By Tyler Seguin.
19:57 of 1st period - Shot Blocked by Philip Samuelsson.
19:57 of 1st period - Puck is out of play.
19:58 of 1st period - Tyler Seguin wins face-off versus Henrik Zetterberg in Red Wings zone.
Goals for this period are 1 for Blue Jackets vs 2 for Red Wings.
Shots for this period are 18 for Blue Jackets vs 9 for Red Wings.
2nd period
0:01 of 2nd period - Tyler Seguin wins face-off versus Connor Brown in neutral zone.
1:36 of 2nd period - Connor Brown is hit by Cam Fowler and loses puck.
1:37 of 2nd period - Penalty to Tyler Kennedy is over, Tyler Kennedy is back on ice.
1:55 of 2nd period - Snap shot by Pavel Datsyuk.
1:55 of 2nd period - Shot Misses the Net.
1:57 of 2nd period - Snap shot by Shea Theodore.
1:57 of 2nd period - Stopped by Robin Lehner with a rebound.
1:59 of 2nd period - Wrist shot by Shea Theodore.
1:59 of 2nd period - Shot Misses the Net.
2:01 of 2nd period - Slapshot by Devin Setoguchi.
2:01 of 2nd period - Shot Misses the Net.
2:03 of 2nd period - Wrist shot by Devin Setoguchi.
2:03 of 2nd period - Stopped by Robin Lehner with a rebound.
2:15 of 2nd period - Wrist shot by Tye McGinn.
2:15 of 2nd period - Goal by Tye McGinn - Blue Jackets : 1 - Red Wings : 3.
2:16 of 2nd period - Tyler Seguin wins face-off versus Mike Richards in neutral zone.
2:31 of 2nd period - Slapshot by Mike Richards.
2:31 of 2nd period - Stopped by Rick DiPietro with a rebound.
3:04 of 2nd period - Snap shot by Dylan Larkin.
3:04 of 2nd period - Shot Blocked by Brandon Bollig.
3:26 of 2nd period - Wrist shot by Connor Brown.
3:26 of 2nd period - Stopped by Rick DiPietro without a rebound.
3:27 of 2nd period - Mike Richards wins face-off versus Zac Dalpe in Blue Jackets zone.
3:32 of 2nd period - Snap shot by Mike Richards.
3:32 of 2nd period - Stopped by Rick DiPietro with a rebound.
4:06 of 2nd period - Slapshot by Kris Versteeg.
4:06 of 2nd period - Goal by Kris Versteeg - Blue Jackets : 1 - Red Wings : 4.
4:06 of 2nd period - Andrei Vasilevskiy enters game.
4:07 of 2nd period - Dylan Larkin wins face-off versus Tyler Seguin in neutral zone.
4:18 of 2nd period - Slapshot by Philip Samuelsson.
4:18 of 2nd period - Shot Misses the Net.
4:20 of 2nd period - Slapshot by Carson Mcmillan.
4:20 of 2nd period - Stopped by Andrei Vasilevskiy with a rebound.
4:22 of 2nd period - Slapshot by Philip Samuelsson.
4:22 of 2nd period - Shot Hit the Post.
5:15 of 2nd period - Snap shot by T.J. Hensick.
5:15 of 2nd period - Shot Misses the Net.
5:55 of 2nd period - Backhand shot by David Rundblad.
5:55 of 2nd period - Shot Blocked by Nick Leddy.
7:03 of 2nd period - Wrist shot by Dylan Larkin.
7:03 of 2nd period - Shot Misses the Net.
7:09 of 2nd period - Ryan O'Byrne is hit by Zac Dalpe and loses puck.
7:17 of 2nd period - Icing by Ryan O'Byrne.
7:18 of 2nd period - Mike Richards wins face-off versus Cody Hodgson in Red Wings zone.
7:18 of 2nd period - Mike Richards is hit by Cody Hodgson.
7:35 of 2nd period - Connor Brown is hit by Cody Hodgson and loses puck.
8:17 of 2nd period - Slapshot by Cody Hodgson.
8:17 of 2nd period - Shot Misses the Net.
8:19 of 2nd period - Wrist shot by Cody Hodgson.
8:19 of 2nd period - Stopped by Robin Lehner with a rebound.
8:21 of 2nd period - Snap shot by Rob Scuderi.
8:21 of 2nd period - Stopped by Robin Lehner without a rebound.
8:22 of 2nd period - Tyler Seguin wins face-off versus Henrik Zetterberg in Red Wings zone.
8:27 of 2nd period - Snap shot by Tyler Seguin.
8:27 of 2nd period - Stopped by Robin Lehner with a rebound.
8:29 of 2nd period - Slapshot by Shea Theodore.
8:29 of 2nd period - Stopped by Robin Lehner without a rebound.
8:30 of 2nd period - Tyler Seguin wins face-off versus Henrik Zetterberg in Red Wings zone.
8:57 of 2nd period - Slapshot by Artemi Panarin.
8:57 of 2nd period - Shot Blocked by Drew Fata.
8:59 of 2nd period - Snap shot by Artemi Panarin.
8:59 of 2nd period - Deflect By Henrik Zetterberg.
8:59 of 2nd period - Stopped by Robin Lehner without a rebound.
9:00 of 2nd period - Pavel Datsyuk wins face-off versus Dylan Larkin in Red Wings zone.
9:25 of 2nd period - Connor Brown is hit by Max Pacioretty and loses puck.
9:36 of 2nd period - Wrist shot by Cody Hodgson.
9:36 of 2nd period - Shot Blocked by Connor Brown.
9:57 of 2nd period - Wrist shot by Max Domi.
9:57 of 2nd period - Shot Blocked by Tyler Kennedy.
9:59 of 2nd period - Slapshot by Ryan O'Byrne.
9:59 of 2nd period - Shot Blocked by Rob Scuderi.
10:01 of 2nd period - Slapshot by Ryan O'Byrne.
10:01 of 2nd period - Shot Misses the Net.
10:17 of 2nd period - Wrist shot by Brandon Bollig.
10:17 of 2nd period - Shot Misses the Net.
10:19 of 2nd period - Snap shot by Brandon Bollig.
10:19 of 2nd period - Shot Misses the Net.
10:21 of 2nd period - Slapshot by Rob Scuderi.
10:21 of 2nd period - Shot Blocked by David Krejci.
10:23 of 2nd period - Slapshot by Brandon Bollig.
10:23 of 2nd period - Shot Blocked by Michael Haley.
10:33 of 2nd period - Wrist shot by Tye McGinn.
10:33 of 2nd period - Stopped by Andrei Vasilevskiy with a rebound.
11:19 of 2nd period - Wrist shot by Henrik Zetterberg.
11:19 of 2nd period - Stopped by Andrei Vasilevskiy with a rebound.
11:21 of 2nd period - Wrist shot by Max Domi.
11:21 of 2nd period - Shot Misses the Net.
11:23 of 2nd period - Slapshot by Henrik Zetterberg.
11:23 of 2nd period - Stopped by Andrei Vasilevskiy with a rebound.
11:54 of 2nd period - Off-side.
11:55 of 2nd period - T.J. Hensick wins face-off versus Max Pacioretty in neutral zone.
12:18 of 2nd period - Minor Penalty to Michael Haley for Close Hand On Puck.
12:19 of 2nd period - Henrik Zetterberg wins face-off versus Tyler Seguin in Red Wings zone.
12:32 of 2nd period - Slapshot by Artemi Panarin.
12:32 of 2nd period - Shot Misses the Net.
12:34 of 2nd period - Slapshot by Cam Fowler.
12:34 of 2nd period - Stopped by Robin Lehner without a rebound.
12:35 of 2nd period - Artemi Panarin wins face-off versus Henrik Zetterberg in Red Wings zone.
14:18 of 2nd period - Penalty to Michael Haley is over, Michael Haley is back on ice.
14:29 of 2nd period - Off-side.
14:30 of 2nd period - Mike Richards wins face-off versus Pavel Datsyuk in neutral zone.
14:33 of 2nd period - Slapshot by Jakub Kindl.
14:33 of 2nd period - Goal by Jakub Kindl - Blue Jackets : 1 - Red Wings : 5.
14:34 of 2nd period - Mike Richards wins face-off versus Tyler Seguin in neutral zone.
14:44 of 2nd period - Minor Penalty to Ryan O'Byrne for Interference.
14:45 of 2nd period - Tyler Seguin wins face-off versus Henrik Zetterberg in Red Wings zone.
14:45 of 2nd period - Snap shot by Artemi Panarin.
14:45 of 2nd period - Shot Blocked by Drew Fata.
15:17 of 2nd period - Jakub Kindl is hit by Cody Hodgson and loses puck.
15:22 of 2nd period - Snap shot by Cody Hodgson.
15:22 of 2nd period - Stopped by Robin Lehner with a rebound.
15:32 of 2nd period - Nick Leddy is hit by Michael Haley and loses puck.
15:43 of 2nd period - Snap shot by T.J. Hensick.
15:43 of 2nd period - Stopped by Andrei Vasilevskiy with a rebound.
15:45 of 2nd period - Snap shot by T.J. Hensick.
15:45 of 2nd period - Goal by T.J. Hensick - Blue Jackets : 1 - Red Wings : 6.
15:46 of 2nd period - Tyler Seguin wins face-off versus Henrik Zetterberg in neutral zone.
15:48 of 2nd period - Off-side.
15:49 of 2nd period - Henrik Zetterberg wins face-off versus Tyler Seguin in neutral zone.
16:02 of 2nd period - Wrist shot by Tyler Kennedy.
16:02 of 2nd period - Goal by Tyler Kennedy - Blue Jackets : 2 - Red Wings : 6.
16:03 of 2nd period - Mike Richards wins face-off versus Tyler Seguin in neutral zone.
16:15 of 2nd period - Wrist shot by Tyler Seguin.
16:15 of 2nd period - Shot Misses the Net.
16:17 of 2nd period - Snap shot by Tyler Kennedy.
16:17 of 2nd period - Stopped by Robin Lehner without a rebound.
16:18 of 2nd period - Cody Hodgson wins face-off versus Henrik Zetterberg in Red Wings zone.
16:19 of 2nd period - Wrist shot by Max Pacioretty.
16:19 of 2nd period - Stopped by Robin Lehner with a rebound.
16:55 of 2nd period - Slapshot by Mike Richards.
16:55 of 2nd period - Shot Misses the Net.
16:57 of 2nd period - Wrist shot by Philip Samuelsson.
16:57 of 2nd period - Shot Blocked by Tyler Kennedy.
17:11 of 2nd period - Wrist shot by Pavel Datsyuk.
17:11 of 2nd period - Deflect By Devin Setoguchi.
17:11 of 2nd period - Shot Blocked by Jiri Fischer.
17:11 of 2nd period - Puck is out of play.
17:12 of 2nd period - Pavel Datsyuk wins face-off versus Dylan Larkin in Red Wings zone.
17:34 of 2nd period - Icing by Tye McGinn.
17:35 of 2nd period - Tyler Kennedy wins face-off versus Mike Richards in Red Wings zone.
17:48 of 2nd period - Snap shot by Tyler Seguin.
17:48 of 2nd period - Stopped by Robin Lehner without a rebound.
17:49 of 2nd period - Connor Brown wins face-off versus Tyler Seguin in Red Wings zone.
18:00 of 2nd period - Wrist shot by Connor Brown.
18:00 of 2nd period - Shot Hit the Post.
18:02 of 2nd period - Slapshot by Ryan O'Byrne.
18:02 of 2nd period - Stopped by Andrei Vasilevskiy with a rebound.
18:04 of 2nd period - Snap shot by Ryan O'Byrne.
18:04 of 2nd period - Deflect By Tyler Seguin.
18:04 of 2nd period - Stopped by Andrei Vasilevskiy with a rebound.
18:06 of 2nd period - Wrist shot by Connor Brown.
18:06 of 2nd period - Shot Misses the Net.
18:16 of 2nd period - Ryan O'Byrne is hit by Eric Wellwood and loses puck.
18:33 of 2nd period - Minor Penalty to Mike Lundin for Hooking.
18:34 of 2nd period - Kris Versteeg wins face-off versus Tyler Seguin in Blue Jackets zone.
19:39 of 2nd period - Shea Theodore is hit by Dylan Larkin and loses puck.
Goals for this period are 1 for Blue Jackets vs 4 for Red Wings.
Shots for this period are 13 for Blue Jackets vs 14 for Red Wings.
3rd period
0:01 of 3rd period - Tyler Seguin wins face-off versus Henrik Zetterberg in neutral zone.
0:10 of 3rd period - Slapshot by Philip Samuelsson.
0:10 of 3rd period - Shot Blocked by Cam Fowler.
0:12 of 3rd period - Wrist shot by Henrik Zetterberg.
0:12 of 3rd period - Stopped by Andrei Vasilevskiy without a rebound.
0:13 of 3rd period - Henrik Zetterberg wins face-off versus Tyler Seguin in Blue Jackets zone.
0:33 of 3rd period - Penalty to Mike Lundin is over, Mike Lundin is back on ice.
0:52 of 3rd period - Wrist shot by Pavel Datsyuk.
0:52 of 3rd period - Goal by Pavel Datsyuk - Blue Jackets : 3 - Red Wings : 6.
0:53 of 3rd period - Mike Richards wins face-off versus Tyler Seguin in neutral zone.
1:00 of 3rd period - Snap shot by Connor Brown.
1:00 of 3rd period - Stopped by Andrei Vasilevskiy with a rebound.
1:02 of 3rd period - Minor Penalty to Mike Lundin for Hooking.
1:03 of 3rd period - Henrik Zetterberg wins face-off versus Tyler Seguin in Blue Jackets zone.
1:10 of 3rd period - Slapshot by Kris Versteeg.
1:10 of 3rd period - Shot Misses the Net.
3:02 of 3rd period - Penalty to Mike Lundin is over, Mike Lundin is back on ice.
3:29 of 3rd period - Snap shot by Shea Theodore.
3:29 of 3rd period - Shot Hit the Post.
4:13 of 3rd period - Mike Lundin is hit by Connor Brown.
4:53 of 3rd period - David Rundblad is hit by Rob Scuderi.
5:05 of 3rd period - Max Domi is hit by Eric Wellwood and loses puck.
5:32 of 3rd period - T.J. Hensick is hit by Cam Fowler.
5:42 of 3rd period - Jakub Kindl is hit by Nick Leddy and loses puck.
5:59 of 3rd period - Dylan Larkin is hit by Eric Wellwood and loses puck.
7:05 of 3rd period - Jiri Fischer is hit by Martin Havlat and loses puck.
8:01 of 3rd period - Wrist shot by Max Domi.
8:01 of 3rd period - Shot Hit the Post.
8:20 of 3rd period - Jakub Kindl is hit by Tyler Seguin and loses puck.
8:44 of 3rd period - Tye McGinn is hit by Emerson Etem and loses puck.
9:25 of 3rd period - Wrist shot by Tyler Seguin.
9:25 of 3rd period - Stopped by Robin Lehner with a rebound.
10:05 of 3rd period - Wrist shot by Mike Richards.
10:05 of 3rd period - Stopped by Andrei Vasilevskiy without a rebound.
10:06 of 3rd period - Cody Hodgson wins face-off versus Henrik Zetterberg in Blue Jackets zone.
10:17 of 3rd period - Wrist shot by Henrik Zetterberg.
10:17 of 3rd period - Goal by Henrik Zetterberg - Blue Jackets : 3 - Red Wings : 7.
10:18 of 3rd period - Mike Richards wins face-off versus Tyler Kennedy in neutral zone.
10:23 of 3rd period - Slapshot by Philip Samuelsson.
10:23 of 3rd period - Stopped by Andrei Vasilevskiy without a rebound.
10:24 of 3rd period - Tyler Seguin wins face-off versus Mike Richards in Blue Jackets zone.
10:26 of 3rd period - Minor Penalty to Mike Lundin for Tripping.
10:27 of 3rd period - Henrik Zetterberg wins face-off versus Tyler Seguin in Blue Jackets zone.
10:27 of 3rd period - Snap shot by Connor Brown.
10:27 of 3rd period - Stopped by Andrei Vasilevskiy with a rebound.
10:29 of 3rd period - Wrist shot by Henrik Zetterberg.
10:29 of 3rd period - Deflect By Connor Brown.
10:29 of 3rd period - Shot Misses the Net.
10:29 of 3rd period - Puck is out of play.
10:30 of 3rd period - Henrik Zetterberg wins face-off versus Tyler Seguin in Blue Jackets zone.
10:42 of 3rd period - Snap shot by Connor Brown.
10:42 of 3rd period - Stopped by Andrei Vasilevskiy without a rebound.
10:43 of 3rd period - Tyler Seguin wins face-off versus Henrik Zetterberg in Blue Jackets zone.
11:14 of 3rd period - Shea Theodore is hit by Mike Richards and loses puck.
12:26 of 3rd period - Penalty to Mike Lundin is over, Mike Lundin is back on ice.
13:35 of 3rd period - Connor Brown is hit by Nick Leddy and loses puck.
14:02 of 3rd period - Snap shot by Devin Setoguchi.
14:02 of 3rd period - Stopped by Robin Lehner with a rebound.
14:04 of 3rd period - Snap shot by Devin Setoguchi.
14:04 of 3rd period - Shot Misses the Net.
14:06 of 3rd period - Snap shot by Brandon Bollig.
14:06 of 3rd period - Shot Misses the Net.
14:08 of 3rd period - Wrist shot by Devin Setoguchi.
14:08 of 3rd period - Shot Misses the Net.
14:10 of 3rd period - Wrist shot by Devin Setoguchi.
14:10 of 3rd period - Shot Misses the Net.
14:42 of 3rd period - Cam Fowler is hit by Henrik Zetterberg and loses puck.
15:04 of 3rd period - Minor Penalty to Dennis Wideman for Slashing.
15:05 of 3rd period - Tyler Seguin wins face-off versus Henrik Zetterberg in Blue Jackets zone.
15:55 of 3rd period - David Rundblad is hit by Cam Fowler and loses puck.
17:04 of 3rd period - Penalty to Dennis Wideman is over, Dennis Wideman is back on ice.
17:44 of 3rd period - Philip Samuelsson is hit by Pavel Datsyuk and loses puck.
18:14 of 3rd period - Dennis Wideman is hit by Ryan O'Byrne and loses puck.
19:06 of 3rd period - Connor Brown is hit by Eric Wellwood and loses puck.
19:39 of 3rd period - Wrist shot by Martin Havlat.
19:39 of 3rd period - Deflect By Tyler Seguin.
19:39 of 3rd period - Stopped by Robin Lehner with a rebound.
19:51 of 3rd period - Snap shot by Tyler Kennedy.
19:51 of 3rd period - Stopped by Robin Lehner without a rebound.
19:52 of 3rd period - Devin Setoguchi wins face-off versus Dylan Larkin in Red Wings zone.
Goals for this period are 1 for Blue Jackets vs 1 for Red Wings.
Shots for this period are 5 for Blue Jackets vs 7 for Red Wings.
Output by the SimonT Hockey Simulator (STHS) for Francois Prevost